Cogmind - Beta 11 X9 @@@ ROGUE MODE // 2022.01.24 @ 08:43:38 Player: gammafunk Result: Destroyed by 8R-AWN with 8R-AWN's Boregun Performance ------------- Evolutions (0) 0 Regions Visited (3) 600 Robots Destroyed (27) 135 Value Destroyed (538) 538 Prototype IDs (3) 60 Alien Tech Used (0) 0 Bonus (0) 0 TOTAL SCORE: 1333 Bonus ------- Follower Combat Kills 21 Friendly Fire -21 Cogmind --------- Core Integrity 0/250 Matter 277/300 Energy 100/100 System Corruption 2% Temperature Cool (35) Movement Core (700) Ox13 Location -10/Exiles Parts ------- > --- POWER (1) -------- (None) > --- PROPULSION (2) --- (None) > --- UTILITY (2) ------ High-capacity Storage Unit > --- WEAPON (2) ------- Light Assault Rifle > --- INVENTORY (20) --- Ion Engine Light Treads Light Treads Medium Storage Unit Huge Storage Unit Experimental Sensor Array Light Assault Rifle Grenade Launcher Mining Claw Peak State ------------ > --- POWER ------------ Ion Engine > --- PROPULSION ------- Light Treads Light Treads > --- UTILITY ---------- Small Storage Unit Medium Storage Unit > --- WEAPON ----------- Light Assault Rifle Light Assault Rifle > --- INVENTORY -------- Ion Engine Light Treads Light Treads Light Treads Aluminum Leg Aluminum Leg Small Storage Unit Transport Network Coupler Medium Laser Welding Torch [Rating: 8] Favorites ----------- Power Ion Engine Engine Ion Engine Propulsion Light Treads Treads Light Treads Utility Medium Storage Unit Device Heat Sink Storage Medium Storage Unit Protection Power Shielding Weapon Light Assault Rifle Energy Gun Medium Laser Ballistic Gun Light Assault Rifle Ballistic Cannon Light Cannon Launcher Grenade Launcher Build | -11 -10 -10 -10 ------- Run | Scr Mat Min Exi Slots Evolved . | . . . . Power . | . . . . Propulsion . | . . . . Utility . | . . . . Weapon . | . . . . Parts Attached 37 | 7 19 9 2 Power 3 | 1 2 . . Engine 3 | 1 2 . . Core . | . . . . Reactor . | . . . . Propulsion 7 | 2 5 . . Treads 7 | 2 5 . . Leg . | . . . . Wheel . | . . . . Hover . | . . . . Flight . | . . . . Utility 8 | 2 3 3 . Device 2 | 1 1 . . Storage 5 | 1 2 2 . Processor . | . . . . Hackware . | . . . . Protection 1 | . . 1 . Artifact . | . . . . Weapon 19 | 2 9 6 2 Energy Gun 1 | . 1 . . Energy Cannon . | . . . . Ballistic Gun 14 | 2 6 4 2 Ballistic Cannon 1 | . 1 . . Launcher 3 | . 1 2 . Special Weapon . | . . . . Impact Weapon . | . . . . Slashing Weapon . | . . . . Piercing Weapon . | . . . . Special Melee Weapon . | . . . . Unidentified Prototypes . | . . . . Parts Lost 8 | . 1 . 7 Power 1 | . . . 1 Propulsion 2 | . . . 2 Utility 2 | . 1 . 1 Weapon 3 | . . . 3 Highest Loss Streak 7 | . 1 . 7 Average Slot Usage (%) 99 | . 99 100 96 Engine 14 | . 14 14 14 Treads 27 | . 28 28 26 Device 5 | . 10 . . Storage 21 | . 17 26 26 Ballistic Gun 27 | . 26 27 26 Naked Turns . | . . . . Heaviest Build 52 | 13 23 52 52 Greatest Support 40 | 40 40 40 40 Greatest Overweight (x) 1 | . . 1 1 Average Overweight (x) . | . . . 1 Largest Inventory Capacity 20 | 8 10 20 20 Average Capacity 11 | 7 9 12 20 Most Carried 11 | 4 10 11 11 Average Carried 9 | 1 9 10 10 Final Capacity 20 | 8 10 20 20 Final Carried 11 | 4 10 11 9 Class Distribution -------------------- 92% | Mutant 7% | Scavenger-Mutant Dominant Class ---------------- Mutant | -10/Materials Mutant | -10/Mines Mutant | -10/Exiles Resources | -11 -10 -10 -10 ----------- Run | Scr Mat Min Exi Matter Collected 801 | 274 339 188 . Remotely 28 | 2 26 . . Salvage Created 918 | 77 642 199 . Parts 56 | 2 37 17 . Haulers Intercepted 2 | . 2 . . Recyclers Shooed 1 | 1 . . . Parts Field Recycled . | . . . . Retrieved Matter . | . . . . Parts Self-Destructed . | . . . . Prevented . | . . . . Kills | -11 -10 -10 -10 ------- Run | Scr Mat Min Exi Combat Hostiles Destroyed 20 | . 11 9 . Guns 17 | . 11 6 . AOE 3 | . . 3 . Classes Destroyed 9 | 1 5 3 . Worker 1 | . 1 . . Builder 1 | . . 1 . Tunneler 1 | . . 1 . Hauler 2 | . 2 . . Recycler 2 | 1 1 . . Watcher 1 | . 1 . . Swarmer 8 | . 2 6 . Grunt 11 | . 9 2 . Assembled 1 | . . 1 . Best Kill Streak 3 | 1 2 3 . Combat Bots Only 3 | . 2 3 . Max Kills in Single Turn 2 | 1 1 2 . Gunslinging . | . . . . Exploded 1 | . . 1 . Melee . | . . . . Uniques/NPCs Destroyed . | . . . . Combat | -11 -10 -10 -10 -------- Run | Scr Mat Min Exi Damage Taken 1547 | . 570 296 681 Core 263 | . 62 88 113 Absorbed by Shields . | . . . . Core Remaining (%) 100 | 100 . . . Volleys Fired 99 | 6 63 22 8 Largest 2 | 2 2 2 2 Hottest 70 | 40 70 40 40 Shots Fired 191 | 12 123 40 16 Gun 184 | 12 120 36 16 Cannon 2 | . 2 . . Launcher 5 | . 1 4 . Special . | . . . . Kinetic 179 | 12 115 36 16 Thermal 7 | . 7 . . Explosive 5 | . 1 4 . Electromagnetic . | . . . . Robot Hit Streak 20 | 5 20 12 7 Robot Miss Streak 2 | 2 2 2 2 Penetration Max . | . . . . Secondary Targets 1 | . 1 . . Max Gunslinging Chain 1 | . 1 . . Shots Hit Robots 135 | 9 84 30 12 Core Hits 59 | 3 36 16 4 Critical Kills 1 | . . 1 . Critical Parts Destroyed . | . . . . Critical Strikes 1 | . . 1 . Destroy 1 | . . 1 . Melee Attacks . | . . . . Impact . | . . . . Slashing . | . . . . Piercing . | . . . . Sneak Attacks . | . . . . Combat Hostiles . | . . . . Follow-up Attacks . | . . . . Damage Inflicted 1540 | 69 770 577 124 Guns 1215 | 69 726 296 124 Cannons . | . . . . Explosions 314 | . 39 275 . Melee . | . . . . Ramming 11 | . 5 6 . Kinetic 1140 | 69 651 296 124 Thermal 75 | . 75 . . Explosive 314 | . 39 275 . Electromagnetic . | . . . . Impact . | . . . . Slashing . | . . . . Piercing . | . . . . Highest Corruption 2 | . 2 2 2 Average Corruption 2 | . 2 2 2 Corruption Purged . | . . . . Effects 24 | . 12 10 2 Message Errors 8 | . 4 4 . Heat Flow Errors 5 | . 2 2 1 Energy Discharges 5 | . 4 1 . Data Loss (minor) 6 | . 2 3 1 Overload Shots . | . . . . Overflow Damage . | . . . . Projectiles . | . . . . Explosions . | . . . . Melee . | . . . . Knockbacks . | . . . . Impact . | . . . . Kinetic . | . . . . Secondary . | . . . . Self-Inflicted Damage . | . . . . Shots . | . . . . Rammed 4 | . 1 3 . Targets Rammed 6 | . 2 4 . Kicked . | . . . . Crushed 2 | . 1 1 . Highest Temperature 225 | . 225 167 95 Average Temperature 37 | . 30 43 41 Received Heat Transfer 633 | . 291 202 140 Siege Activations . | . . . . Robots Corrupted . | . . . . Combat Hostiles . | . . . . Parts Fried . | . . . . Impact Corruptions . | . . . . Robots Melted . | . . . . Combat Hostiles . | . . . . Parts Melted . | . . . . Heat Transferred 222 | . 222 . . Parts Sabotaged . | . . . . Parts Stolen . | . . . . Parts Stripped . | . . . . Power Chain Reactions . | . . . . Missiles Intercepted . | . . . . Alert | -11 -10 -10 -10 ------- Run | Scr Mat Min Exi Peak Influence 136 | 5 105 136 . Initial 8 | . 3 8 . Average 36 | . 41 35 . Maximum Alert Level . | . . . . Low Security (%) 100 | 100 100 100 . Level 1 . | . . . . Level 2 . | . . . . Level 3 . | . . . . Level 4 . | . . . . Level 5 . | . . . . High Security . | . . . . Max Security . | . . . . Squads Dispatched 3 | . 3 . . Investigation . | . . . . Extermination . | . . . . Reinforcement 3 | . 3 . . Assault . | . . . . Garrison . | . . . . Intercept . | . . . . Construction Impeded . | . . . . Haulers Reinforced . | . . . . Active Scanning Responses . | . . . . Cargo Convoy Interrupts . | . . . . Stealth | -11 -10 -10 -10 --------- Run | Scr Mat Min Exi Distress Signals 1 | . 1 . . Communications Jammed . | . . . . Distress Signals . | . . . . Times Spotted 45 | . 27 11 7 Peak Tracking Total 9 | . 4 3 9 Tactical Retreats . | . . . . Traps | -11 -10 -10 -10 ------- Run | Scr Mat Min Exi Traps Triggered 1 | . 1 . . Indirectly . | . . . . Trap Hack Attempts . | . . . . Triggered . | . . . . Disarmed . | . . . . Reprogrammed . | . . . . Reused . | . . . . Traps Extracted . | . . . . Installed . | . . . . Triggered . | . . . . Machines | -11 -10 -10 -10 ---------- Run | Scr Mat Min Exi Machines Disabled 2 | . . . 2 Max in Single Turn . | . . . . Machines Sabotaged . | . . . . Garrisons Compromised . | . . . . Overloaded Fab Kills . | . . . . Hacking | -11 -10 -10 -10 --------- Run | Scr Mat Min Exi Machines Accessed 6 | . 6 . . Terminals 5 | . 5 . . Fabricators . | . . . . Repair Stations 1 | . 1 . . Recycling Units . | . . . . Scanalyzers . | . . . . Garrison Access . | . . . . Total Hacks 18 | . 18 . . Successful 10 | . 10 . . Failed 7 | . 7 . . Catastrophic 1 | . 1 . . Database Lockouts 1 | . 1 . . Manual 9 | . 9 . . Terminals 16 | . 16 . . Fabricators . | . . . . Repair Stations 2 | . 2 . . Recycling Units . | . . . . Scanalyzers . | . . . . Garrison Access . | . . . . Terminal Hacks 6 | . 6 . . Robot Analysis 1 | . 1 . . Prototype ID Bank 2 | . 2 . . Unreport Threat 2 | . 2 . . Hauler Manifests 1 | . 1 . . Fabricator Hacks . | . . . . Repair Station Hacks 2 | . 2 . . Scan Component 1 | . 1 . . Repair 1 | . 1 . . Recycling Unit Hacks . | . . . . Scanalyzer . | . . . . Garrison Access Hacks . | . . . . Unauthorized Hacks 2 | . 2 . . Terminals 2 | . 2 . . Botnet 2 | . 2 . . Fabricators . | . . . . Repair Stations . | . . . . Recycling Units . | . . . . Scanalyzers . | . . . . Garrison Access . | . . . . Data Cores Recovered . | . . . . Used . | . . . . Hacking Detections 6 | . 6 . . Full Trace Events . | . . . . Feedback Events . | . . . . Feedback Blocked . | . . . . Robot Schematics Acquired . | . . . . Robots Built . | . . . . Authchips . | . . . . Time . | . . . . Total Robot Build Rating . | . . . . Part Schematics Acquired . | . . . . Parts Built . | . . . . Authchips . | . . . . Time . | . . . . Total Part Build Rating . | . . . . Parts Repaired 1 | . 1 . . Time 26 | . 26 . . Parts Recycled . | . . . . Recycled Matter . | . . . . Retrieved Matter . | . . . . Retrieved Components . | . . . . Parts Scanalyzed . | . . . . Part Schematics Acquired . | . . . . Parts Damaged . | . . . . Bothacking | -11 -10 -10 -10 ------------ Run | Scr Mat Min Exi Used RIF Installer . | . . . . Robots Hacked . | . . . . Non-combat . | . . . . Combat . | . . . . Robot Hacks Applied . | . . . . Relay Couplers Released . | . . . . Fabnet Peak Effective % . | . . . . Robots Rewired . | . . . . Allies Hacked . | . . . . Hacks Repelled . | . . . . Allies | -11 -10 -10 -10 -------- Run | Scr Mat Min Exi Total Allies 4 | . . 4 . Largest Group 4 | . . 4 4 Highest-Rated Group 71 | . . 71 71 Highest-Rated Ally 31 | . . 31 31 Total Orders . | . . . . Ally Attacks 10 | . . 5 5 Total Damage 62 | . . 60 2 Kills 3 | . . 3 . Allies Corrupted . | . . . . Allies Melted . | . . . . Intel | -11 -10 -10 -10 ------- Run | Scr Mat Min Exi Robot Analysis Total 1 | . 1 . . Derelict Logs Recovered 1 | . . 1 . Drone Launches . | . . . . Drone Recoveries . | . . . . Exploration | -11 -10 -10 -10 ------------- Run | Scr Mat Min Exi Turns Passed 3805 | 197 1893 1605 110 Spaces Moved 1978 | 118 1000 824 36 Core 19 | 19 . . . Treads 1959 | 99 1000 824 36 Legs . | . . . . Wheels . | . . . . Hover . | . . . . Flight . | . . . . Fastest Speed 50 | 50 160 160 240 Average Speed 167 | 142 160 175 240 Slowest Speed 240 | 160 160 240 240 Overloaded Moves . | . . . . Propulsion Burnouts . | . . . . Robots Hopped . | . . . . Cave-ins Triggered . | . . . . Exploration Rate (%) 53 | 6 99 98 11 Regions Visited 3 Branch Regions 2 Pre-discovered Areas . | . . . . Known Exits Taken . | . . . . Unknown Exits Taken 3 | 1 1 1 . Scrap Searched 2 | . . 2 . Spaces Dug . | . . . . Terrain Destroyed 44 | . 7 37 . Melee . | . . . . Projectile . | . . . . AOE 44 | . 7 37 . Terrain Rammed . | . . . . Walls Destroyed . | . . . . Machines Disabled . | . . . . Actions | -11 -10 -10 -10 --------- Run | Scr Mat Min Exi Total 2316 | 134 1194 942 46 Wait 153 | . 80 73 . Move 1975 | 117 999 823 36 Hop . | . . . . Pick Up 21 | 4 13 4 . Fast Attach 11 | 7 2 2 . Attach 2 | . . . 2 Detach . | . . . . Swap 24 | . 17 7 . Drop 25 | . 18 7 . Fire 99 | 6 63 22 8 Melee . | . . . . Ram . | . . . . Kick . | . . . . Crush 6 | . 2 4 . Escape Stasis . | . . . . Rewire . | . . . . Trap . | . . . . Miscellaneous . | . . . . Route ------- -11/Scrapyard -10/Materials (discovered 4 exits: [*Mat x3] / [*Min]) -10/Mines (discovered 3 exits: [*Mat x2] / [*Exi]) -10/Exiles (discovered 2 exits: *Min x2) History --------- Turn | Location | Event 5 | -11/Scrapyard | Discovered new exit (range 12) 198 | -11/Scrapyard | Entered Materials 313 | -10/Materials | Build established: Mutant 405 | -10/Materials | Discovered new exit (range 10) 930 | -10/Materials | Repaired Lgt. Assault Rifle 1025 | -10/Materials | Discovered new exit (range 6) 1441 | -10/Materials | Discovered new exit (range 8) 1578 | -10/Materials | Central database locked down 1805 | -10/Materials | Discovered new exit (range 11) 2091 | -10/Materials | Entered Mines 2100 | -10/Mines | Assembled infested the area 2865 | -10/Mines | Discovered new exit (range 5) 2997 | -10/Mines | Core integrity fell below 50% 3060 | -10/Mines | Assisted by bots powering up and referring to "LRC-V3" 3087 | -10/Mines | Discovered new exit (range 7) 3293 | -10/Mines | Found a damaged Exp. Sensor Array with a note attached 3306 | -10/Mines | Found Prototype Device 3486 | -10/Mines | Discovered new exit (range 7) 3493 | -10/Mines | Received a Mining Laser from a helpful Derelict 3696 | -10/Mines | Entered Exiles 3696 | -10/Exiles | Accompanied by 4 allies 3697 | -10/Exiles | Identified exit to Mines 3752 | -10/Exiles | Met 8R-AWN 3784 | -10/Exiles | Attacked by the Exiles 3799 | -10/Exiles | Core integrity fell below 20% 3806 | -10/Exiles | Destroyed by 8R-AWN with 8R-AWN's Boregun Last Messages --------------- 03799_ Penetrated by HV Slug. 03799_ HV Slug penetrates Wall. 03802_ HV Slug penetrates Machine. 03802_ Machine disabled. 03802_ HV Slug penetrates Wall. 03802_ Penetrated by HV Slug. 03802_ Critical hit (Destroy). 03802_ Lgt. Treads destroyed. 03802_ HV Slug penetrates Wall. 03804_ Penetrated by HV Slug. 03804_ HV Slug penetrates Wall. 03804_ Penetrated by HV Slug. 03804_ HV Slug penetrates Wall. 03805_ Wall collapses. 03805_ Ion Engine destroyed. 03806_ Penetrated by HV Slug. 03806_ Critical hit (Destroy). 03806_ Lgt. Assault Rifle destroyed. 03806_ HV Slug penetrates Earth. 03806_ Penetrated by HV Slug. Map ----- +----------------------------------------------------+ | ?????????????????????????????????????????????????? | | ?????????????????????????????????????????????????? | | ?????????????????????????????????????????????????? | | ?????????????????????????????????????????????????? | | ?????????????????????????????????????????????????? | | ?????????????????????????????????????????????????? | | ?????????????????????????????????????????????????? | | ?????????????????????????????????????????????????? | | ?????????????????????????????????????????????????? | | ?????????????????????????????????????????????????? | | ?????????????????????????????????????????????????? | | ?????????????????????????????????????????????????? | | ?????????????????????????????????????????????????? | | ?????????????????????????????????????????????????? | | ?????????????????????????????????????????????????? | | ?????????????????????????????????????????????? >? | | ?????????????????????????????????????????????? | | ?????????????????????????????????????????????? | | ?????????????????????????????????????????????# # | | ???????????????????????????????????????????## # | | ???????????????????????????????????????????# | | ???????????????????????#####???????????????# | | ??????????????????????## #??????????????## | | ??????????????????????#" g #?????????????## #? | | ?????????????????????## ##????????????# #? | | ???????????????????### a@ ###????????### #?? | | ???????????????????# * ########## #?? | | ??????????????????#; %[ #""""## #??? | | ??????????????????# a * ##?? | | ??????????? ;; * #?? | | ??????????? a ##;# ##? | | ??????????? a "?#;""" "#### ## | | ??????????? # #?#;######??#### * | | ??????????? a #####??###??????????##### | | ???????????? #????????????????????????### | | ???????????? ????????????????????????????### | | ?????????????"???????????????????????????????### | | ??????????????????????????????????????????????#" | | ??????????????????????????????????????????????#### | | ?????????????????????????????????????????????????# | | ?????????????????????????????????????????????????# | | ?????????????????????????????????????????????????? | | ?????????????????????????????????????????????????? | | ?????????????????????????????????????????????????? | | ?????????????????????????????????????????????????? | | ?????????????????????????????????????????????????? | | ?????????????????????????????????????????????????? | | ?????????????????????????????????????????????????? | | ?????????????????????????????????????????????????? | | ?????????????????????????????????????????????????? | +----------------------------------------------------+ Best States ------------- Heat Dissipation 35 Energy Generation 10 Energy Capacity 500 Matter Stores 300 Matter Capacity 300 Sight Range 16 Terrain Scan Density 10 Power Shielding 33 Evasion (%) 50 Recoil Reduction 2 Item Schematics ----------------- None Robot Schematics ------------------ None Fabricated ------------ Nothing Alien Tech Used ----------------- None Achievements -------------- None Challenges ------------ None Game ------ Seed SigixSwarmElectrolaser Manual? 0 Play Time 00:22:11 Cumulative 304.0 hours Start 2022.01.24 @ 04:56:15 End 2022.01.24 @ 08:43:38 Sessions 4 Manual Loads 0 Difficulty Rogue Special Mode None Game No. 116 Rogue 116 Adventurer 0 Explorer 0 Win Type - Total 6 Types 1/2/1/0/0/2/0/0/0 Lore% 59 Gallery% 61 Achievement% 58 Wizard Run 0 Options --------- ASCII 0 Keyboard 1 Movement Vi Keybinds 0 Fullscreen 2 Font 12/Smallcaps Map View 60x54 Tactical HUD 1 Map Filters NONE Filters NONE Steam 1 RUN: f911b3d1-4880-420f-b1c3-3692af4b7f77